 Dungeon Crawl Stone Soup version 0.31-a0-986-g5e6e4ef867 (webtiles) character file.

Game seed: 6865179609469546148

4239 PortalPony the Carver (level 10, -1/82 HPs)
             Began as a Gnoll Chaos Knight on Nov 17, 2023.
             Was a Plaything of Xom.
             Slain by Harold
             ... wielding a +0 broad axe
              (12 damage)
             ... on level 1 of the Lair of Beasts.
             The game lasted 01:27:34 (4469 turns).

PortalPony the Carver (Gnoll Chaos Knight)          Turns: 4469, Time: 01:27:35

Health: -1/82      AC: 18    Str: 21    XL:     10   Next: 30%
Magic:  17/17      EV: 12    Int: 14    God:    Xom [.....*]
Gold:   368        SH: 14    Dex: 12    Spells: 17/19 levels left

rFire   + . .        P - +2 morningstar (heavy)
rCold   + . .        X - +0 kite shield
rNeg    + . .        R - +1 plate armour {rN+}
rPois   .            D - +0 helmet
rElec   .            f - +0 cloak
rCorr   .            L - +0 pair of gloves
SInv    .            (no boots)
Will    .....        c - amulet "Odaeh" {Reflect rF+ rC+ Int+2 SH+5} Stlth
                     G - +6 ring of strength
HPRegen 0.33/turn    p - +5 ring of evasion
MPRegen 0.15/turn

%: reflection, clarity
@: marked
A: fangs 1, strong nose, distributed training, clarity
a: Renounce Religion


You were on level 1 of the Lair of Beasts.
You worshipped Xom.
You were Xom's teddy bear.
You visited 3 branches of the dungeon, and saw 10 of its levels.

You collected 520 gold pieces.
You spent 152 gold pieces at shops.

Inventory:

Hand Weapons
 a - a +0 falchion of chaos
 j - a +4 short sword
 l - a +3 mace
 o - a +2 scimitar
 C - a +1 falchion of protection
 P - a +2 heavy morningstar (weapon)
 T - a +0 club of chaos
 V - a +2 spear of freezing
 Y - a +0 sling
 Z - a +4 quarterstaff of chaos
Missiles
 i - 38 stones
 s - 2 atropa-tipped darts
 M - 5 poisoned darts
Armour
 b - a +2 leather armour
 d - a +0 plate armour
 f - a +0 cloak (worn)
 k - a +0 robe
 n - +0 steam dragon scales
 D - a +0 helmet (worn)
 L - a +0 pair of gloves (worn)
 R - a +1 plate armour of positive energy (worn)
 X - a +0 kite shield (worn)
Jewellery
 c - the amulet "Odaeh" (around neck) {Reflect rF+ rC+ Int+2 SH+5}
   (Xom gifted it to you on level 6 of the Dungeon)

   [amulet of reflection]

   Reflect:   It reflects blocked missile attacks.
   Int+2:     It affects your intelligence (+2).
   rF+:       It protects you from fire.
   rC+:       It protects you from cold.
   SH+5:      It affects your SH (+5).
 g - an amulet of the acrobat
 p - a +5 ring of evasion (right hand)
 G - a +6 ring of strength (left hand)
Talismans
 y - a flux talisman
Wands
 h - a wand of paralysis (2)
 u - a wand of polymorph (6)
 x - a wand of quicksilver (11)
 A - a wand of roots (10)
 K - a wand of flame (12)
Scrolls
 e - 3 scrolls of immolation
 r - a scroll of noise {unknown}
 v - a scroll of silence {unknown}
 w - 3 scrolls of enchant armour {unknown}
 B - a scroll of amnesia {unknown}
 E - a scroll of fear {unknown}
 I - 2 scrolls of fog {unknown}
Potions
 m - 2 potions of ambrosia
 q - a potion of resistance {unknown}
 t - a potion of cancellation {unknown}
 z - 2 potions of magic
 F - 3 potions of attraction
 H - 3 potions of enlightenment
 N - a potion of brilliance {unknown}
 O - a potion of curing (quivered)
 S - 2 potions of mutation


   Skills:
 + Level 8.5 Fighting
 + Level 5.2 Short Blades
 + Level 8.5 Long Blades
 + Level 5.2 Axes
 + Level 5.2 Maces & Flails
 + Level 5.2 Polearms
 + Level 5.2 Staves
 + Level 5.2 Ranged Weapons
 + Level 5.2 Throwing
 + Level 7.0 Armour
 + Level 5.9 Dodging
 + Level 5.2 Stealth
 + Level 5.2 Shields
 + Level 5.2 Unarmed Combat
 + Level 5.2 Spellcasting
 + Level 4.3 Conjurations
 + Level 4.3 Hexes
 + Level 4.3 Summonings
 + Level 4.3 Necromancy
 + Level 4.3 Translocations
 + Level 4.3 Transmutations
 + Level 4.3 Fire Magic
 + Level 4.3 Ice Magic
 + Level 4.3 Air Magic
 + Level 4.3 Earth Magic
 + Level 4.3 Poison Magic
 + Level 5.7 Invocations
 + Level 5.2 Evocations
 + Level 4.7 Shapeshifting


You had 17 spell levels left.
You knew the following spells:

 Your Spells              Type           Power      Damage    Failure   Level
a - Blink                 Tloc           30%        N/A       88%         2

Your spell library contained the following spells:

 Spells                   Type           Power      Damage    Failure   Level
 Ensorcelled Hibernation  Hex/Ice        30%        N/A       88%         2
 Passwall                 Tmut/Erth      12%        N/A       88%         2
 Swiftness                Air            15%        N/A       98%         3
 Manifold Assault         Tloc           15%        N/A       100%        4


Dungeon Overview and Level Annotations

Branches:
Dungeon (8/15)             Temple (1/1) D:4            Lair (1/5) D:8

Altars:
Ashenzari
Cheibriados
Dithmenos
Fedhas
Makhleb
Qazlal
Ru
Trog
Uskayaw
Vehumet
Wu Jian
Xom

Shops:
D:1 =   D:7 *   D:8 (

Annotations:
Lair:1 Harold


Innate Abilities, Weirdness & Mutations

You have very sharp teeth.
Your uncanny sense of smell can sniff out nearby items.
Your experience applies equally to all skills.
You possess an exceptional clarity of mind.


Message History

Harold closely misses you.
You puncture Harold!
Harold is heavily wounded.
Harold hits you with a +0 broad axe!
A yak comes into view.
The yak gores your iron imp. You block Harold's attack.
The yak gores your iron imp but does no damage.
You sock Harold!
Harold is severely wounded.
The yak barely misses your iron imp. The yak gores your iron imp.
You block Harold's attack.
Your iron imp barely misses the yak.
The yak gores your iron imp!
Your iron imp dies!
Your iron imp disappears in a puff of smoke!
Harold hits you with a +0 broad axe!
You hit Harold but do no damage.
Harold is severely wounded.
Harold hits you with a +0 broad axe! You block the yak's attack.
Harold hits you with a +0 broad axe!
* * * LOW HITPOINT WARNING * * *
Okay, then.
Casting: Blink (dangerous; 88% risk of failure)
Confirm with . or Enter, or press ? or * to list all spells.
You don't know that spell.
Aiming: Polymorph
Press: ? - help, Q - select action, (/) - cycle Shift-Dir - straight line, f - yak
Aim: a yak (will become a black mamba, a jumping spider, or a basilisk, chance to affect: 62%)
The yak evaporates and reforms as a jumping spider!
The jumping spider leaps!
You block Harold's attack.
You barely miss Harold.
Harold is severely wounded.
Harold hits you with a +0 broad axe!
* * * LOW HITPOINT WARNING * * *
The yak gores you.
* * * LOW HITPOINT WARNING * * *
Harold says, "Ah, this is what I got into this business for!"
Harold hits you with a +0 broad axe!
You die...
Harold sighs, "Nothing for old Harold but hiking after this."
Xom thinks this is hilarious!

..........##
.........## .#
?.PP.....# .# .
.PP......# ..#.#
...#.....# .....
...#.....# ......
# #......
..##.######.......
...Ys.YYY@@.......
...####Y######.###
###


You could see Harold, 5 yaks and a jumping spider.

Vanquished Creatures
  A rime drake (D:8)
  A wyvern (D:8)
  A basilisk (Lair:1)
  2 steam dragons
  2 water moccasins
  3 black bears
  3 ice beasts
  2 wolves (D:8)
  An ogre (D:6)
  A centaur (D:5)
  A phantom (D:6)
  2 bullfrogs (D:6)
  An elf skeleton (D:6)
  3 scorpions
  2 wights
  2 howler monkeys (D:6)
  A human zombie (D:6)
  An orc priest (D:5)
  5 hounds
  Crazy Yiuf (D:4)
  3 human skeletons (D:6)
  Jessica (D:3)
  2 iguanas
  An orc wizard (D:5)
  12 gnolls
  7 adders
  4 worms
  4 dart slugs
  6 orcs
  10 endoplasms
  2 giant cockroaches
  9 goblins
  9 hobgoblins
  8 jackals
  2 quokkas
  7 ball pythons
  9 bats
  7 frilled lizards
  12 kobolds
  An orc skeleton (D:6)
  3 rats (D:2)
155 creatures vanquished.

Vanquished Creatures (collateral kills)
  Maggie (D:7)
  A steam dragon (D:7)
  An ice beast (D:8)
  An orc warrior (D:5)
  A phantom (D:5)
  A bullfrog (D:6)
  An orc priest (D:5)
  2 iguanas (D:5)
  Terence (D:2)
  2 orc wizards (D:5)
  2 gnolls (D:5)
  3 orcs (D:5)
  2 frilled lizards (D:2)
  A kobold (D:2)
20 creatures vanquished.

Vanquished Creatures (others)
  A water moccasin (D:8)
  3 ice beasts (D:8)
  2 wolves (D:8)
  2 wights (D:8)
  An orc wizard (D:4)
  An orc (D:4)
  A hobgoblin (D:4)
  A ball python (D:4)
12 creatures vanquished.

Grand Total: 187 creatures vanquished

Notes
Turn   | Place    | Note
-------+----------+-------------------------------------------
     0 | D:1      | PortalPony the Gnoll Chaos Knight began the quest for the
                  | Orb.
     0 | D:1      | Reached XP level 1. HP: 23/23 MP: 1/1
    34 | D:1      | XOM: silly message
   163 | D:1      | Reached XP level 2. HP: 28/29 MP: 2/2
   295 | D:1      | Found a faded altar of an unknown god.
   298 | D:1      | XOM: 8-stop teleportation journey
   481 | D:1      | Found Siqodi's One-of-a-Kind Rings.
   525 | D:2      | XOM: god gift: silver javelin
   593 | D:2      | Reached XP level 3. HP: 35/35 MP: 3/3
   671 | D:2      | Reached skill level 1 in Invocations
   709 | D:2      | Reached skill level 1 in Short Blades
   709 | D:2      | Reached skill level 1 in Axes
   709 | D:2      | Reached skill level 1 in Maces & Flails
   709 | D:2      | Reached skill level 1 in Polearms
   709 | D:2      | Reached skill level 1 in Staves
   709 | D:2      | Reached skill level 1 in Ranged Weapons
   709 | D:2      | Reached skill level 1 in Throwing
   709 | D:2      | Reached skill level 1 in Stealth
   709 | D:2      | Reached skill level 1 in Shields
   709 | D:2      | Reached skill level 1 in Unarmed Combat
   709 | D:2      | Reached skill level 1 in Spellcasting
   709 | D:2      | Reached skill level 1 in Evocations
   798 | D:2      | Reached XP level 4. HP: 39/41 MP: 5/5
   800 | D:2      | Reached skill level 1 in Shapeshifting
   859 | D:2      | Noticed Terence
   872 | D:2      | Killed Terence
   873 | D:2      | Reached skill level 1 in Conjurations
   873 | D:2      | Reached skill level 1 in Hexes
   873 | D:2      | Reached skill level 1 in Summonings
   873 | D:2      | Reached skill level 1 in Necromancy
   873 | D:2      | Reached skill level 1 in Translocations
   873 | D:2      | Reached skill level 1 in Transmutations
   873 | D:2      | Reached skill level 1 in Fire Magic
   873 | D:2      | Reached skill level 1 in Ice Magic
   873 | D:2      | Reached skill level 1 in Air Magic
   873 | D:2      | Reached skill level 1 in Earth Magic
   873 | D:2      | Reached skill level 1 in Poison Magic
   978 | D:3      | XOM: divination: detect creatures
  1048 | D:2      | Reached XP level 5. HP: 33/47 MP: 5/7
  1116 | D:3      | Noticed a +0 hand axe
  1116 | D:3      | Noticed a +0 hand axe
  1123 | D:3      | Found a hide-covered altar of Uskayaw.
  1215 | D:3      | Learned a level 2 spell: Blink
  1301 | D:3      | XOM: 2-stop teleportation journey
  1310 | D:3      | XOM: butterfly on damage
  1314 | D:3      | XOM: fake destruction
  1423 | D:3      | Found a stormy altar of Qazlal.
  1470 | D:3      | XOM: divination: magic mapping
  1550 | D:3      | Noticed Jessica
  1566 | D:3      | XOM: butterfly on damage
  1569 | D:3      | Killed Jessica
  1577 | D:3      | XOM: fog
  1799 | D:4      | Reached XP level 6. HP: 44/53 MP: 8/8
  1806 | D:4      | Found a staircase to the Ecumenical Temple.
  1806 | D:4      | XOM: draining
  1811 | D:4      | XOM: chaos upgrade
  1836 | D:4      | Reached skill level 5 in Armour
  1921 | Temple   | Entered the Ecumenical Temple
  2031 | D:5      | Entered Level 5 of the Dungeon
  2031 | D:5      | XOM: fog
  2053 | D:5      | XOM: enchant monster (bad)
  2079 | D:5      | XOM: silly message
  2088 | D:5      | Noticed a black bear
  2127 | D:4      | XOM: enchant monster (good)
  2137 | D:4      | Reached XP level 7. HP: 27/60 MP: 10/10
  2139 | D:4      | XOM: divine lightning
  2236 | D:4      | Found a snail-covered altar of Cheibriados.
  2277 | D:4      | Found a runed translucent door.
  2278 | D:4      | Noticed Crazy Yiuf
  2282 | D:4      | XOM: potion effect (brilliance)
  2285 | D:4      | Killed Crazy Yiuf
  2368 | D:4      | Found an ornate altar of the Wu Jian Council.
  2376 | D:4      | XOM: polymorph hound -> hound
  2509 | D:5      | Reached XP level 8. HP: 63/67 MP: 12/12
  2990 | D:6      | XOM: cast spell 'Summon Small Mammal'
  3094 | D:6      | XOM: potion effect (berserk rage)
  3172 | D:6      | XOM: 2-stop teleportation journey
  3175 | D:6      | XOM: god gift: scroll labelled QAGGEO NUWAIRPH {god gift}
  3322 | D:6      | XOM: enchant monster (good)
  3336 | D:6      | Reached XP level 9. HP: 23/71 MP: 14/14
  3349 | D:6      | Identified the amulet "Odaeh" {Reflect rF+ rC+ Int+2 SH+5}
                  | (Xom gifted it to you on level 6 of the Dungeon)
  3349 | D:6      | XOM: god gift: amulet "Odaeh" {Reflect rF+ rC+ Int+2 SH+5}
  3421 | D:5      | Found a bloodstained altar of Trog.
  3483 | D:6      | Found a sacrificial altar of Ru.
  3606 | D:6      | XOM: divination: detect creatures
  3613 | D:6      | XOM: enchant monster (good)
  3617 | D:6      | Reached skill level 5 in Dodging
  3952 | D:7      | Noticed Maggie
  3957 | D:7      | XOM: summons 6 friendly demons
  3964 | D:7      | Killed Maggie
  3965 | D:7      | Reached skill level 5 in Invocations
  4026 | D:7      | XOM: give mutation
  4026 | D:7      | Gained mutation: You possess an exceptional clarity of
                  | mind. [Xom's mischief]
  4028 | D:7      | Found Jugof's Assorted Antiques.
  4053 | D:7      | Bought a cyan potion for 24 gold pieces
  4053 | D:7      | Bought a scroll labelled KUOMOG BUKLOEGH for 27 gold pieces
  4053 | D:7      | Bought a grey potion for 24 gold pieces
  4053 | D:7      | Bought 2 metallic ruby potions for 48 gold pieces
  4064 | D:8      | Found Ymyeseyph's Weapon Boutique.
  4105 | D:8      | XOM: blink monster(s)
  4107 | D:8      | XOM: summons friendly ufetubus
  4111 | D:8      | XOM: smoke on damage
  4124 | D:8      | XOM: summons 2 friendly demons
  4125 | D:8      | Reached XP level 10. HP: 44/80 MP: 17/17
  4137 | D:8      | Reached skill level 5 in Short Blades
  4137 | D:8      | Reached skill level 5 in Axes
  4137 | D:8      | Reached skill level 5 in Maces & Flails
  4137 | D:8      | Reached skill level 5 in Polearms
  4137 | D:8      | Reached skill level 5 in Staves
  4137 | D:8      | Reached skill level 5 in Ranged Weapons
  4137 | D:8      | Reached skill level 5 in Throwing
  4137 | D:8      | Reached skill level 5 in Stealth
  4137 | D:8      | Reached skill level 5 in Shields
  4137 | D:8      | Reached skill level 5 in Unarmed Combat
  4137 | D:8      | Reached skill level 5 in Spellcasting
  4137 | D:8      | Reached skill level 5 in Evocations
  4173 | D:8      | Bought 3 atropa-tipped darts for 29 gold pieces
  4190 | D:8      | Found a staircase to the Lair.
  4216 | D:8      | XOM: enchant monster (good)
  4238 | D:8      | XOM: cast spell 'Death Channel'
  4247 | D:8      | XOM: divine lightning
  4316 | D:13     | Identified the "Cadgh"
  4316 | Lair:1   | Entered Level 1 of the Lair of Beasts
  4446 | Lair:1   | XOM: 2-stop teleportation journey
  4447 | Lair:1   | Noticed Harold
  4451 | Lair:1   | XOM: summons friendly iron imp
  4469 | Lair:1   | Slain by Harold

Illustrated notes

Levels and vault maps discovered:
D:1:      dpeg_arrival_rooms_a, layout_rooms,
          hellmonk_ecumenical_altar_pennies_from_heaven, roderic_lattice_a,
          nicolae_shop_unique_rings, minmay_misc_feat_four_crosses
D:2:      minmay_thinvault, layout_loops_ring, grunt_ministairs_2,
          minmay_misc_feat_x, corner_web_ring, minivault_23, minmay_surrounded,
          uniq_sigmund, uniq_terence, uniq_natasha
D:3:      layout_loops_ring, dancing_weapons_uskayaw,
          mainiacjoe_overflow_catwalk, uniq_jessica
D:4:      layout_cave_pools, kennysheep_slug_shrine,
          mainiacjoe_overflow_chevrons, minmay_temple_entry_junction,
          uniq_crazy_yiuf_cottage
D:5:      layout_loops_ring, trog_ov_bears_minmay
D:6:      layout_loops_corners, mainiacjoe_overflow_small_starburst,
          nicolae_ossuary_entry_catacombs, hangedman_decor_diamond_cutter
D:7:      layout_cave_pools, nicolae_yredelemnul_corpse_copse,
          nicolae_hepliaklqana_ecumenical_no_more,
          mainiacjoe_overflow_big_doors, serial_shops,
          nicolae_shop_overgrown_old_shop, shop_fountains, uniq_menkaure,
          uniq_maggie
D:8:      layout_rooms, grunt_temple_overflow_open, nicolae_gozag_seed_capital,
          hellmonk_lair_entry_icy, serial_shops, shop_coins,
          kennysheep_just_a_vault
Temple:   nicolae_temple_two_arcs
Lair:1:   layout_chaotic_city, portal_ice_cave_demonic_guard,
          grunt_megastairs_2, uniq_harold

Skill      XL: |  1  2  3  4  5  6  7  8  9 10 |
---------------+-------------------------------+-----
Invocations    | 1 2 3 4 5 |  5.7
Short Blades   | 1 2 3 4 5 |  5.2
Axes           | 1 2 3 4 5 |  5.2
Maces & Flails | 1 2 3 4 5 |  5.2
Polearms       | 1 2 3 4 5 |  5.2
Staves         | 1 2 3 4 5 |  5.2
Ranged Weapons | 1 2 3 4 5 |  5.2
Throwing       | 1 2 3 4 5 |  5.2
Stealth        | 1 2 3 4 5 |  5.2
Shields        | 1 2 3 4 5 |  5.2
Unarmed Combat | 1 2 3 4 5 |  5.2
Spellcasting   | 1 2 3 4 5 |  5.2
Evocations     | 1 2 3 4 5 |  5.2
Shapeshifting  | 1 2 3 4 |  4.7
Conjurations   | 1 2 3 4 |  4.3
Hexes          | 1 2 3 4 |  4.3
Summonings     | 1 2 3 4 |  4.3
Necromancy     | 1 2 3 4 |  4.3
Translocations | 1 2 3 4 |  4.3
Transmutations | 1 2 3 4 |  4.3
Fire Magic     | 1 2 3 4 |  4.3
Ice Magic      | 1 2 3 4 |  4.3
Air Magic      | 1 2 3 4 |  4.3
Earth Magic    | 1 2 3 4 |  4.3
Poison Magic   | 1 2 3 4 |  4.3
Dodging        | 3 4 5 |  5.9
Armour         | 5 6 7 |  7.0
Fighting       | 7 8 |  8.5
Long Blades    | 7 8 |  8.5

Action                     |  1- 3 |  4- 6 |  7- 9 | 10-12 || total
---------------------------+-------+-------+-------+-------++-------
  Melee: Falchion          |   100 |   164 |       |       ||   264
         Bite              |     8 |    17 |    37 |     7 ||    69
         Punch             |     1 |     3 |       |       ||     4
         Unarmed           |       |     4 |       |       ||     4
         Spear             |       |    31 |   318 |    47 ||   396
         Quarterstaff      |       |       |    10 |       ||    10
         Morningstar       |       |       |       |    16 ||    16
  Throw: Javelin           |       |     1 |     1 |       ||     2
         Stone             |       |       |     5 |       ||     5
         Dart              |       |       |       |     3 ||     3
   Cast: Blink             |       |     2 |       |       ||     2
  Evoke: Wand              |       |       |     6 |     3 ||     9
    Use: Scroll            |       |       |     2 |     6 ||     8
         Potion            |       |       |       |     1 ||     1
   Stab: Paralysed         |     1 |       |     3 |       ||     4
         Petrifying        |     1 |       |       |       ||     1
         Sleeping          |     2 |       |       |       ||     2
         Petrified         |     1 |       |     3 |       ||     4
         Confused          |       |     1 |       |       ||     1
         Distracted        |       |       |       |     1 ||     1
 Armour: Leather armour    |    37 |    28 |       |       ||    65
         Chain mail        |       |    22 |       |       ||    22
         Plate armour      |       |    86 |   203 |    56 ||   345
         Skin              |       |     3 |       |       ||     3
  Dodge: Dodged            |    48 |   124 |    79 |    65 ||   316
  Block: Buckler           |       |     9 |       |       ||     9
         Kite shield       |       |       |   124 |    95 ||   219
         Reflection        |       |       |       |     3 ||     3
         Form:             |       |     2 |       |       ||     2
         Flux              |       |     2 |       |       ||     2

Table legend: (Time is in decaauts)
 A = Elapsed time spent in this place.
 B = Non-inter-level travel time spent in this place.
 C = Inter-level travel time spent in this place.
 D = Time resting spent in this place.
 E = Time spent auto-exploring this place.
 F = Levels seen in this place.
 G = Mean time per level.
                   A        B        C        D        E       F      G
               +--------+--------+--------+--------+--------+-----+--------+
         Total |   4500 |   1970 |   2530 |      0 |      0 |  10 |  450.0 |
       Dungeon |   4267 |   1888 |   2379 |      0 |      0 |   8 |  533.4 |
        Temple |     64 |      1 |     63 |      0 |      0 |   1 |   64.0 |
          Lair |    168 |     80 |     88 |      0 |      0 |   1 |  168.0 |
               +--------+--------+--------+--------+--------+-----+--------+

Top non-repeatable levels by time:
     D:6: 893 daAuts
     D:5: 714 daAuts
     D:3: 706 daAuts
     D:2: 544 daAuts
     D:4: 528 daAuts
     D:1: 518 daAuts
     D:8: 250 daAuts
  Lair:1: 168 daAuts
     D:7: 112 daAuts
  Temple: 64 daAuts
